 Dungeon Crawl Stone Soup version 0.26-a0-1164-g1a551d6a14 (webtiles) character file.

Game seed: 1424776572206483830

447 uibert the Gusty (level 6, -1/45 HPs)
             Began as a Draconian Air Elementalist on Dec 23, 2020.
             Slain by an ogre
             ... wielding a +0 giant club
              (33 damage)
             ... on level 3 of the Dungeon.
             The game lasted 00:14:59 (4997 turns).

uibert the Gusty (Draconian Air Elementalist)       Turns: 4997, Time: 00:15:00

Health: -1/45      AC:  7    Str: 12    XL:     6   Next: 73%
Magic:  7/11       EV: 12    Int: 15    God:
Gold:   165        SH:  0    Dex: 12    Spells: 9/12 levels left

rFire    . . .     SeeInvis .   a - +0 dagger (venom)
rCold    . . .     Faith    .   (no shield)
rNeg     . . .     Spirit   .   (armour unavailable)
rPois    .         Reflect  .   (helmet restricted)
rElec    .         Harm     +   i - scarf {harm}
rCorr    .         Rampage  .   (no gloves)
Will     .....                  d - +0 pair of boots
Stlth    ++........             (no amulet)
HPRegen  0.15/turn              (no ring)
MPRegen  0.12/turn              (no ring)

@: no status effects
A: unfitting armour, cold-blooded, AC +6
a: no special abilities


You were on level 3 of the Dungeon.
You visited 1 branch of the dungeon, and saw 3 of its levels.
You also visited: Sewer.

You collected 165 gold pieces.

Inventory:

Hand Weapons
 a - a +0 dagger of venom (weapon)
 j - a +1 short sword of flaming
Armour
 d - a +0 pair of boots (worn)
 i - a scarf of harm (worn)
Scrolls
 e - 2 scrolls of identify
 f - 4 scrolls of remove curse {unknown}
 h - 2 scrolls of blinking {unknown}
 k - a scroll of random uselessness {unknown}
 l - a scroll of noise {unknown}
 m - a scroll of teleportation {unknown}
Potions
 b - a potion of lignification
 c - 3 potions of flight {unknown}
 g - a potion of haste
 n - a potion of cancellation {unknown}


   Skills:
 - Level 1.7 Dodging
 - Level 1.7 Stealth
 * Level 3.8 Spellcasting
 + Level 1.8 Conjurations
 * Level 6.5 Air Magic


You had 9 spell levels left.
You knew the following spells:

 Your Spells              Type           Power        Failure   Level
a - Shock                 Conj/Air       60%          3%          1
b - Swiftness             Air            22%          1%          2

Your spell library contained the following spells:

 Spells                   Type           Power        Failure   Level
 Static Discharge         Conj/Air       15%          10%         3
 Airstrike                Air            11%          12%         4
 Confusing Touch          Hex            2%           50%         3
 Gell's Gravitas          Tloc           1%           50%         3
 Lightning Bolt           Conj/Air       7%           67%         5
 Petrify                  Tmut/Erth      2%           88%         4
 Metabolic Englaciation   Hex/Ice        1%           99%         5
 Yara's Violent Unravell  Hex/Tmut       1%           99%         5


Dungeon Overview and Level Annotations

Branches:
Dungeon (3/15)              Sewer (visited)

Altars:
Ashenzari
Nemelex Xobeh
Uskayaw
Wu Jian
Yredelemnul


Innate Abilities, Weirdness & Mutations

Your plain brown scales are hard. (AC +6)
You cannot fit into any form of body armour.
You are cold-blooded and may be slowed by cold attacks.


Message History

The zap hits the ogre.
The ogre is moderately wounded.
The goblin closely misses you.
Casting: Shock (safe; 3% risk of failure)
Confirm with . or Enter, or press ? or * to list all spells.
Aiming: Shock (safe; 3% risk of failure)
Press: ? - help, Shift-Dir - straight line, f/p - ogre
Aim: an ogre, wielding a +0 giant club (moderately wounded, 14% to evade)
The zap hits the goblin.
You kill the goblin!
The zap hits the ogre.
The ogre is heavily wounded.
You hit the ogre.
The ogre is poisoned.
The ogre is heavily wounded.
The ogre hits you with a +0 giant club!
You hit the ogre.
Your tail-slap misses the ogre.
The ogre is severely wounded.
The ogre hits you with a +0 giant club!!
Ouch! That really hurt!
You die...

#..##............_.
#..##........#.....
#........#...##....
#..##.##......##...
#.)<..##.##..####.#
##)#####.##..##....
#.# #.##..##....
#O# #....###....
###@# #.##.# #....
##...# #.##.# #....
#...######.##.#
####.
#.....†....##.#
.....
#...#########.#
.###. #...# ### ...
#...# #### #####
#######


You could see an ogre (very poisoned).

Vanquished Creatures
  2 bullfrogs (Sewer)
  Natasha (D:2)
  12 adders
  A white imp (D:2)
  10 oozes (Sewer)
  3 worms
  15 leopard geckos
  8 giant cockroaches
  18 goblins
  6 hobgoblins
  A quokka (D:3)
  10 ball pythons (Sewer)
  7 bats
  9 frilled lizards
  11 kobolds
  A leopard gecko skeleton (D:2)
  11 rats
126 creatures vanquished.

Notes
Turn   | Place    | Note
-------+----------+-------------------------------------------
     0 | D:1      | uibert the Draconian Air Elementalist began the quest for
                  | the Orb.
     0 | D:1      | Reached XP level 1. HP: 14/14 MP: 3/3
   282 | D:1      | Reached XP level 2. HP: 20/20 MP: 1/5
   896 | D:2      | Reached skill level 4 in Air Magic
  1247 | D:2      | Reached XP level 3. HP: 21/26 MP: 0/6
  2150 | D:2      | Found a sparkling altar of Nemelex Xobeh.
  2291 | D:2      | Noticed Natasha
  2389 | D:2      | Killed Natasha
  2390 | D:2      | Reached skill level 5 in Air Magic
  2390 | D:2      | Reached XP level 4. HP: 27/33 MP: 7/7
  2990 | D:3      | Found an ornate altar of the Wu Jian Council.
  3101 | D:3      | Reached XP level 5. HP: 32/38 MP: 8/8
  3166 | D:3      | Found a glowing drain.
  3175 | Sewer    | Entered a sewer
  3253 | Sewer    | Learned a level 2 spell: Swiftness
  3677 | Sewer    | Reached skill level 6 in Air Magic
  4086 | Sewer    | Reached XP level 6. HP: 31/45 MP: 7/11
  4489 | D:3      | Found a hide-covered altar of Uskayaw.
  4489 | D:3      | Found a broken altar of Ashenzari.
  4832 | D:3      | Found a basalt altar of Yredelemnul.
  4997 | D:3      | Slain by an ogre

Illustrated notes

Levels and vault maps discovered:
D:1:      elethiomel_arrival_infinity_welcomes_careful_drivers,
          layout_loops_cross
D:2:      layout_basic, lemuel_coloured_pillars_altar, uniq_natasha
D:3:      layout_basic, lemuel_round_altar, lemuel_round_altar,
          grunt_temple_overflow_open, gup_sewer_entry_spiral, dk_vineyard_2,
          minmay_ogre_servants

Skill      XL: |  1  2  3  4  5 |
---------------+----------------+-----
Air Magic      | 4 5 6 |  6.5
Spellcasting   | 3 |  3.8
Dodging        | |  1.7
Stealth        | |  1.7
Conjurations   | |  1.8

Action                   |  1- 3 |  4- 6 || total
-------------------------+-------+-------++-------
Melee: Dagger            |    63 |   204 ||   267
       Tailslap          |     4 |    17 ||    21
 Cast: Shock             |    41 |    73 ||   114
  Use: Scroll            |       |     2 ||     2
       Potion            |       |     3 ||     3
 Stab: Sleeping          |     1 |       ||     1
Armor: Skin              |    20 |    95 ||   115
Dodge: Dodged            |    38 |   153 ||   191

Table legend: (Time is in decaauts)
 A = Elapsed time spent in this place.
 B = Non-inter-level travel time spent in this place.
 C = Inter-level travel time spent in this place.
 D = Time resting spent in this place.
 E = Time spent auto-exploring this place.
 F = Levels seen in this place.
 G = Mean time per level.
                   A        B        C        D        E       F      G
               +--------+--------+--------+--------+--------+-----+--------+
         Total |   5097 |   5058 |     39 |   1721 |   2016 |   4 | 1274.2 |
       Dungeon |   3787 |   3748 |     39 |    982 |   1868 |   3 | 1262.3 |
         Sewer |   1310 |   1310 |      0 |    739 |    147 |   1 | 1310.0 |
               +--------+--------+--------+--------+--------+-----+--------+

Top non-repeatable levels by time:
     D:2: 1802 daAuts
   Sewer: 1310 daAuts
     D:1: 1157 daAuts
     D:3: 827 daAuts
